 Dungeon Crawl Stone Soup version 0.28-a0-991-g956f0ee3d5 (webtiles) character file.

Game seed: 9910914387479276199

83 horus123 the Poker (level 4, -7/35 HPs)
             Began as a Demonspawn Abyssal Knight on Dec 4, 2021.
             Was a Believer of Lugonu.
             Killed by nerve-wracking pain
             ... invoked by Grinder
              (13 damage)
             ... on level 3 of the Dungeon.
             The game lasted 00:03:20 (2195 turns).

horus123 the Poker (Demonspawn Abyssal Knight)      Turns: 2195, Time: 00:03:21

Health: -7/35      AC:  4    Str: 14    XL:     4   Next: 22%
Magic:  5/5        EV: 15    Int: 11    God:    Lugonu [**....]
Gold:   127        SH:  0    Dex: 15    Spells: 3/3 levels left

rFire   . . .      SeeInvis .   a - +1 spear
rCold   . . .      Faith    .   (no shield)
rNeg    . . .      Spirit   .   b - +0 leather armour
rPois   .          Reflect  .   (no helmet)
rElec   .          Harm     .   (no cloak)
rCorr   .          Rampage  .   (no gloves)
Will    .....                   c - +0 pair of boots
Stlth   +.........              (no amulet)
HPRegen 0.11/turn               i - +4 ring of evasion
MPRegen 0.09/turn               (no ring)

@: no status effects
A: hooves 1, powered by death 1
a: Renounce Religion, Depart the Abyss, Bend Space


You were on level 3 of the Dungeon.
You worshipped Lugonu.
Lugonu was pleased with you.
You visited 1 branch of the dungeon, and saw 3 of its levels.
You visited the Abyss 1 time.

You collected 127 gold pieces.

Inventory:

Hand Weapons
 a - a +1 spear (weapon)
Armour
 b - a +0 leather armour (worn)
 c - a +0 pair of boots (worn)
Jewellery
 i - a +4 ring of evasion (left hand)
Scrolls
 d - a scroll of torment
 e - a scroll of identify
 g - a scroll of magic mapping {unknown}
 h - a scroll of enchant armour {unknown}
 k - a scroll of blinking {unknown}
Potions
 f - a potion of mutation


   Skills:
 - Level 3.0 Fighting
 - Level 4.0 Polearms
 - Level 2.0 Armour
 + Level 1.1 Dodging
 - Level 2.4 Invocations


You had 3 spell levels left.
You didn't know any spells.
Your spell library was empty.

Dungeon Overview and Level Annotations

Branches:
Dungeon (3/15)

Altars:

Annotations:
D:3 Grinder


Innate Abilities, Weirdness & Mutations

You have large cloven feet.
You regenerate a little health from kills.


Message History

Grinder says, "Wait up."
Reach: a) +1 spear
Press: ? - help, Dir - move target, f/p - Grinder
Aim: Grinder (heavily wounded, about 38% to evade your +1 spear)
You hit Grinder.
Grinder is severely wounded.
Reach: a) +1 spear
Press: ? - help, Dir - move target, f/p - Grinder
Aim: Grinder (severely wounded, about 38% to evade your +1 spear)
You hit Grinder.
Grinder is severely wounded.
Grinder hits you but does no damage.
Reach: a) +1 spear
Press: ? - help, Dir - move target, f/p - Grinder
Aim: Grinder (severely wounded, about 38% to evade your +1 spear)
You hit Grinder but do no damage.
Grinder is severely wounded.
Grinder barely misses you.
Reach: a) +1 spear
Press: ? - help, Dir - move target, f/p - Grinder
Aim: Grinder (severely wounded, about 38% to evade your +1 spear)
You hit Grinder.
Grinder is severely wounded.
Grinder gestures at you.
You suddenly lose the ability to move!
Grinder hits you!
You writhe in agony.
Grinder hits you.
You writhe in agony.
Grinder hits you.
* * * LOW HITPOINT WARNING * * *
You writhe in agony.
* * * LOW HITPOINT WARNING * * *
You can move again.
Reach: a) +1 spear
Press: ? - help, Dir - move target, f/p - Grinder
Aim: Grinder (severely wounded, about 38% to evade your +1 spear)
You hit Grinder but do no damage.
Grinder is severely wounded.
Grinder gestures at you. Pain shoots through your body!
You die...

# ..##.........†..##.
#. #...................
#.##..#............####
.#.......###.....####
.......### #.....#
#......# #.....#
.##.#.<#.###.....#
.......5.)†....#.#
.##.##.#@###.....#
#.#.# ####### .....
...#..# ........
##........ ##.##..#. #
#.....


You could see Grinder.

Vanquished Creatures
  Jessica (D:2)
  An adder (D:2)
  A worm (D:3)
  A dart slug (D:1)
  4 ball pythons
  7 bats
  5 endoplasms
  A giant cockroach (D:2)
  5 goblins
  3 hobgoblins
  7 kobolds
  A quokka (D:3)
  2 frilled lizards
  A rat (D:1)
40 creatures vanquished.

Notes
Turn   | Place    | Note
-------+----------+-------------------------------------------
     0 | Abyss:1  | horus123 the Demonspawn Abyssal Knight began the quest for
                  | the Orb.
     0 | Abyss:1  | Reached XP level 1. HP: 18/18 MP: 2/2
    26 | D:1      | Escaped the Abyss
   287 | D:1      | Reached skill level 2 in Polearms
   440 | D:1      | Gained mutation: You regenerate a little health from kills.
                  | [demonic ancestry]
   440 | D:1      | Reached XP level 2. HP: 12/24 MP: 3/3
   762 | D:1      | Reached ** piety under Lugonu
   763 | D:1      | Reached skill level 3 in Polearms
  1149 | D:2      | Noticed Jessica
  1154 | D:2      | Killed Jessica
  1155 | D:2      | Gained mutation: You have large cloven feet. [demonic
                  | ancestry]
  1155 | D:2      | Reached XP level 3. HP: 29/29 MP: 4/4
  1385 | D:2      | Reached skill level 4 in Polearms
  1385 | D:2      | Reached XP level 4. HP: 13/35 MP: 5/5
  1566 | D:2      | Found a faded altar of an unknown god.
  2068 | D:3      | Reached skill level 1 in Dodging
  2168 | D:3      | Noticed Grinder
  2191 | D:3      | Paralysed by Grinder for 3 turns
  2195 | D:3      | Killed from afar by Grinder

Illustrated notes

Levels and vault maps discovered:
D:1:      dpeg_arrival_shrine, layout_basic
D:2:      layout_basic, chequers_ecumenical_altar_simple_redux,
          nicolae_elevator_lobby_asterisk, uniq_jessica
D:3:      layout_loops_cross, uniq_grinder

Skill      XL: |  1  2  3  4 |
---------------+-------------+-----
Polearms       | 2 3 4 |  4.0
Armour         | 2 |  2.0
Dodging        | 1 |  1.1
Fighting       | |  3.0
Invocations    | |  2.4

Action                   |  1- 3 |  4- 6 || total
-------------------------+-------+-------++-------
Melee: Spear             |   110 |    61 ||   171
Invok: Bend Space        |       |     1 ||     1
  Use: Scroll            |     5 |       ||     5
       Potion            |       |     1 ||     1
 Stab: Sleeping          |     1 |     2 ||     3
Armor: Leather armour    |    27 |    11 ||    38
Dodge: Dodged            |    44 |    25 ||    69

Table legend: (Time is in decaauts)
 A = Elapsed time spent in this place.
 B = Non-inter-level travel time spent in this place.
 C = Inter-level travel time spent in this place.
 D = Time resting spent in this place.
 E = Time spent auto-exploring this place.
 F = Levels seen in this place.
 G = Mean time per level.
                   A        B        C        D        E       F      G
               +--------+--------+--------+--------+--------+-----+--------+
         Total |   2183 |   2090 |     93 |    180 |   1540 |   4 |  545.8 |
       Dungeon |   2157 |   2064 |     93 |    180 |   1532 |   3 |  719.0 |
         Abyss |     26 |     26 |      0 |      0 |      8 |   1 |   26.0 |
               +--------+--------+--------+--------+--------+-----+--------+

Top non-repeatable levels by time:
     D:1: 1098 daAuts
     D:2: 835 daAuts
     D:3: 222 daAuts
 Abyss:1: 26 daAuts
